 Dungeon Crawl Stone Soup version 0.26-a0-712-ga5a9c9c9d0 (webtiles) character file.

Game seed: 7166454833345636839

678 kae the Insei (level 7, 0/46 HPs)
             Began as an Octopode Transmuter on Nov 6, 2020.
             Slain by a yak (8 damage)
             ... on level 4 of the Dungeon.
             The game lasted 00:02:49 (4503 turns).

kae the Insei (Octopode Transmuter)                 Turns: 4503, Time: 00:02:49

Health: 0/46       AC:  2    Str: 11    XL:     7   Next: 60%
Magic:  11/11      EV: 15    Int: 15    God:
Gold:   162        SH:  0    Dex: 15    Spells: 8/12 levels left

rFire    + + .     SeeInvis .     - Unarmed
rCold    + . .     Faith    .   (no shield)
rNeg     . . .     Spirit   .   (helmet currently unavailable)
rPois    +         Reflect  .   (no amulet)
rElec    +         Harm     .   (no ring)
rCorr    +         Rampage  .   (no ring)
MR       .....                  (no ring)
Stlth    ++........             (no ring)
HPRegen  0.15/turn              (no ring)
MPRegen  0.12/turn              (no ring)
                                (no ring)
                                (no ring)

@: brilliant, lethally poisoned (0 -> -1), appendages (expiring), resistant,
invisible
A: almost no armour, stealthy swim, amphibious, 8 rings, constrict 8, tentacle
spike 3, camouflage 1, agile 1, fire resistance 1, shaggy fur 1, gelatinous body
1
a: End Transformation


You were on level 4 of the Dungeon.
One of your tentacles had a temporary spike.
You visited 1 branch of the dungeon, and saw 4 of its levels.

You collected 162 gold pieces.

Inventory:

Jewellery
 h - an uncursed amulet of the acrobat {unknown}
Wands
 i - a wand of disintegration (10)
Scrolls
 a - 2 scrolls of fear {unknown}
 b - 2 scrolls of random uselessness {unknown}
 c - 4 scrolls of remove curse {unknown}
 g - 6 scrolls of identify {unknown}
 l - a scroll of fog {unknown}
 m - 2 scrolls of teleportation {unknown}
Potions
 o - a potion of cancellation {unknown}


   Skills:
 + Level 3.0 Fighting
 + Level 3.5 Dodging
 * Level 5.2 Unarmed Combat
 - Level 3.0 Spellcasting
 * Level 4.6 Transmutations
 - Level 2.0 Poison Magic


You had 8 spell levels left.
You knew the following spells:

 Your Spells              Type           Power        Failure   Level
a - Beastly Appendage     Tmut           ###...       3%          1
b - Spider Form           Tmut/Pois      ###.......   16%         3

Your spell library contained the following spells:

 Spells                   Type           Power        Failure   Level
 Wereblood                Tmut           ###.....     4%          2
 Ice Form                 Ice/Tmut       ##......     61%         4
 Blade Hands              Tmut           ###.......   63%         5


Dungeon Overview and Level Annotations

Branches:
Dungeon (3/15)

Altars:
Vehumet
Wu Jian

Annotations:
D:4 2 runed translucent doors


Innate Abilities, Weirdness & Mutations

You cannot wear most types of armour.
You are very stealthy in the water. (Stealth+)
You are amphibious.
You can wear up to eight rings at the same time.
You can use your tentacles to constrict eight enemies at once.
Your skin changes colour to match your surroundings (Stealth+).
Your rubbery body absorbs attacks. (AC +1, EV +1)
One of your tentacles bears a large vicious spike.
You are agile. (Dex +2)
Your flesh is heat resistant. (rF+)
You are covered in fur. (AC +1)


Message History

The yak is moderately wounded.
The yak gores you!
A yak is nearby!
The yak gores you!
You feel sick.
Okay, then.
It was a potion of mutation.
You feel extremely strange.
You feel agile.
You feel resistant to heat. Fur sprouts all over your body. The yak misses you.
It was a potion of brilliance.
You feel clever all of a sudden. The yak barely misses you.
It was a potion of resistance.
You feel protected. The yak gores you!
* * * LOW HITPOINT WARNING * * *
It was a potion of invisibility.
You fade into invisibility!
You feel sick. The yak gores you!
You die...

#...........).......
#..........##......#
#(.........##......#
#..........##......#
##(..########.......
######..)## #.......
..........[### #.......
##..######)..####.......
# #.Y@.##)............
#..###.#..##########.
#.##.#.#.## # #.#.##.#.#
#}##.#.#.# ###...##.#
#'###..# #.....##
##.(###


You could see a yak.

Vanquished Creatures
  Sigmund (D:3)
  2 ogres (D:4)
  2 howler monkeys (D:4)
  A hound (D:4)
  2 orc wizards (D:4)
  A worker ant (D:4)
  A hound skeleton (D:4)
  5 adders
  A white imp (D:3)
  An ooze (D:1)
  2 worms
  2 dart slugs
  2 leopard geckos (D:4)
  9 orcs
  8 bats
  2 giant cockroaches
  10 goblins
  6 hobgoblins
  4 jackals
  10 frilled lizards
  9 kobolds
  10 rats
91 creatures vanquished.

Notes
Turn   | Place    | Note
-------+----------+-------------------------------------------
     0 | D:1      | kae the Octopode Transmuter began the quest for the Orb.
     0 | D:1      | Reached XP level 1. HP: 13/13 MP: 3/3
   314 | D:1      | Reached XP level 2. HP: 14/18 MP: 5/5
   732 | D:1      | Reached XP level 3. HP: 13/23 MP: 4/6
   737 | D:1      | Learned a level 3 spell: Spider Form
  1776 | D:2      | Found an ornate altar of the Wu Jian Council.
  1777 | D:2      | Found a radiant altar of Vehumet.
  2086 | D:2      | Reached XP level 4. HP: 11/28 MP: 5/7
  2114 | D:2      | HP: 1/28 [poisoned by an adder]
  2553 | D:3      | Noticed Sigmund
  2594 | D:3      | Killed Sigmund
  2594 | D:3      | Reached skill level 4 in Unarmed Combat
  2594 | D:3      | Reached XP level 5. HP: 21/34 MP: 2/9
  2735 | D:3      | Reached XP level 6. HP: 39/39 MP: 8/10
  3508 | D:3      | You fall into a shaft and drop 1 floor!
  3531 | D:4      | Reached skill level 1 in Poison Magic
  3550 | D:4      | Reached XP level 7. HP: 15/45 MP: 8/11
  3969 | D:4      | Reached skill level 5 in Unarmed Combat
  4029 | D:4      | HP: 2/45 [something/magic dart (3)]
  4471 | D:4      | Found a large runed translucent door.
  4471 | D:4      | Found a large runed translucent door.
  4493 | D:4      | Noticed a yak
  4500 | D:4      | Gained mutation: You are agile. (Dex +2) [potion of
                  | mutation]
  4500 | D:4      | Gained mutation: Your flesh is heat resistant. (rF+)
                  | [potion of mutation]
  4500 | D:4      | Gained mutation: You are covered in fur. (AC +1) [potion of
                  | mutation]
  4503 | D:4      | Slain by a yak

Illustrated notes

Levels and vault maps discovered:
D:1:      dpeg_arrival_rhombus, layout_basic
D:2:      layout_rooms, nicolae_overflow_hidden_temple, serial_curves,
          eino_curves_03, eino_curves_03, hangedman_feature_mirror
D:3:      layout_loops_cross, minmay_quadrilaterals, uniq_sigmund
D:4:      cheibrodos_greedy_goblins, layout_basic, tgw_trog,
          minmay_temple_entry_overgrown, minmay_hollow_rounded_squares

Skill      XL: |  1  2  3  4  5  6  7 |
---------------+----------------------+-----
Fighting       | 2 3 |  3.0
Unarmed Combat | 4 5 |  5.2
Transmutations | 3 4 |  4.6
Dodging        | 3 |  3.5
Spellcasting   | 3 |  3.0
Poison Magic   | 1 2 |  2.0

Action                   |  1- 3 |  4- 6 |  7- 9 || total
-------------------------+-------+-------+-------++-------
Melee: Unarmed           |    80 |    88 |    33 ||   201
       Constrict         |    21 |    25 |     6 ||    52
       Kick              |    10 |     9 |     6 ||    25
       Tentacles         |    17 |     7 |     4 ||    28
       Punch             |     4 |     3 |       ||     7
 Cast: Beastly Appendage |    18 |     9 |     8 ||    35
       Spider Form       |       |     3 |     2 ||     5
  Use: Potion            |       |       |     7 ||     7
 Stab: Sleeping          |     7 |     1 |       ||     8
Armor: Skin              |     5 |     3 |     2 ||    10
Dodge: Dodged            |    53 |    58 |    33 ||   144

Table legend: (Time is in decaauts)
 A = Elapsed time spent in this place.
 B = Non-inter-level travel time spent in this place.
 C = Inter-level travel time spent in this place.
 D = Time resting spent in this place.
 E = Time spent auto-exploring this place.
 F = Levels seen in this place.
 G = Mean time per level.
                   A        B        C        D        E       F      G
               +--------+--------+--------+--------+--------+-----+--------+
         Total |   4488 |   4446 |     42 |    489 |   3373 |   4 | 1122.0 |
       Dungeon |   4488 |   4446 |     42 |    489 |   3373 |   4 | 1122.0 |
               +--------+--------+--------+--------+--------+-----+--------+

Top non-repeatable levels by time:
     D:2: 1337 daAuts
     D:1: 1090 daAuts
     D:3: 1070 daAuts
     D:4: 989 daAuts
